 Dungeon Crawl Stone Soup version 0.29-a0-19-gef7f3e67aa (webtiles) character file.

Game seed: 12245565012478270202

9 Grim the Poker (level 2, 25/25 HPs)
             Began as a Minotaur Gladiator on Jan 29, 2022.
             Quit the game on level 1 of the Dungeon.
             The game lasted 00:01:36 (418 turns).

Grim the Poker (Minotaur Gladiator)                  Turns: 418, Time: 00:01:36

Health: 25/25      AC:  5    Str: 18    XL:     2   Next: 6%
Magic:  1/1        EV: 12    Int:  5    God:
Gold:   0          SH:  0    Dex: 11    Spells: 1/1 levels left

rFire   . . .      SeeInvis .   a - +0 trident
rCold   . . .      Faith    .   (no shield)
rNeg    . . .      Spirit   .   b - +0 leather armour
rPois   .          Reflect  .   c - +0 hat
rElec   .          Harm     .   (no cloak)
rCorr   .          Rampage  .   e - +1 pair of gloves
Will    .....                   (no boots)
Stlth   +.........              (no amulet)
HPRegen 0.08/turn               (no ring)
MPRegen 0.07/turn               (no ring)

@: no status effects
A: horns 2, retaliatory headbutt
a: no special abilities


You were on level 1 of the Dungeon.
You visited 1 branch of the dungeon, and saw 1 of its levels.

Inventory:

Hand Weapons
 a - a +0 trident (weapon)
Missiles
 d - 3 throwing nets (quivered)
Armour
 b - a +0 leather armour (worn)
 c - a +0 hat (worn)
 e - a +1 pair of gloves (worn)
Potions
 f - a potion of haste {unknown}


   Skills:
 - Level 2.4 Fighting
 + Level 4.4 Polearms
 - Level 2.0 Throwing
 - Level 3.2 Dodging


You had one spell level left.
You didn't know any spells.
Your spell library was empty.

Dungeon Overview and Level Annotations

Branches:
Dungeon (1/15)

Altars:


Innate Abilities, Weirdness & Mutations

You have a pair of horns on your head.
You reflexively headbutt those who attack you in melee.


Message History

You start putting on your armour.
You continue putting on your +1 pair of gloves. x4
You finish putting on your +1 pair of gloves.
Okay, then.
f - a fuming white potion You see here 21 sling bullets.
A hobgoblin comes into view.
The hobgoblin shouts!
You reach to attack!
You completely miss the hobgoblin.
The hobgoblin hits you but does no damage.
You hit the hobgoblin.
The hobgoblin is severely wounded.
The hobgoblin hits you.
You barely miss the hobgoblin.
The hobgoblin is severely wounded.
The hobgoblin closely misses you.
You hit the hobgoblin but do no damage.
The hobgoblin is severely wounded.
The hobgoblin hits you but does no damage.
You hit the hobgoblin but do no damage.
The hobgoblin is severely wounded.
The hobgoblin hits you.
You barely miss the hobgoblin.
The hobgoblin is severely wounded.
The hobgoblin closely misses you.
You hit the hobgoblin. Your headbutt misses the hobgoblin.
The hobgoblin is almost dead.
The hobgoblin hits you but does no damage.
You closely miss the hobgoblin.
The hobgoblin is almost dead.
The hobgoblin closely misses you. You furiously retaliate!
You headbutt the hobgoblin!
You kill the hobgoblin!
No target in view!
You see here a hobgoblin corpse.
Things that are here:
a +0 club; a goblin skeleton
There is an open door here.
A dart slug comes into view.
Are you sure you want to abandon this character and quit the game? (Confirm with "yes".)

########### #.........#
#########.# #.#
#####.##########
#......).†......
#####.###.##############
.....>..........@......w
#########.##############
#.# #########.#
#.........# #....######
#....#### ........#
........#


You could see a dart slug (asleep).

Vanquished Creatures
  An endoplasm (D:1)
  2 goblins (D:1)
  2 hobgoblins (D:1)
  3 frilled lizards (D:1)
  A kobold (D:1)
9 creatures vanquished.

Notes
Turn   | Place    | Note
-------+----------+-------------------------------------------
     0 | D:1      | Grim the Minotaur Gladiator began the quest for the Orb.
     0 | D:1      | Reached XP level 1. HP: 18/18 MP: 0/0
    75 | D:1      | Reached skill level 4 in Polearms
   223 | D:1      | Reached XP level 2. HP: 25/25 MP: 1/1
   418 | D:1      | Quit the game

Illustrated notes

Levels and vault maps discovered:
D:1:      saegor_arrival_simple_d, layout_basic

Skill      XL: |  1 |
---------------+----+-----
Polearms       | 4 |  4.4
Fighting       | |  2.4
Throwing       | |  2.0
Dodging        | |  3.2

Action                   || total
-------------------------++-------
Melee: Trident           ||    30
       Headbutt          ||     1
Armor: Leather armour    ||     4
Dodge: Dodged            ||    14

Table legend: (Time is in decaauts)
 A = Elapsed time spent in this place.
 B = Non-inter-level travel time spent in this place.
 C = Inter-level travel time spent in this place.
 D = Time resting spent in this place.
 E = Time spent auto-exploring this place.
 F = Levels seen in this place.
 G = Mean time per level.
                   A        B        C        D        E       F      G
               +--------+--------+--------+--------+--------+-----+--------+
         Total |    421 |    421 |      0 |      0 |    342 |   1 |  421.0 |
       Dungeon |    421 |    421 |      0 |      0 |    342 |   1 |  421.0 |
               +--------+--------+--------+--------+--------+-----+--------+

Top non-repeatable levels by time:
     D:1: 421 daAuts
